 Dungeon Crawl Stone Soup version 0.28.0-43-g3370ac3207 (webtiles) character file.

Game seed: 3201634223649011526

7638 Peloso the Carver (level 10, -7/92 HPs)
             Began as a Minotaur Fighter on Mar 1, 2022.
             Was an Elder of Okawaru.
             Killed from afar by an acid dragon (31 damage)
             ... with a splash of acid
             ... on level 10 of the Dungeon.
             The game lasted 00:19:43 (11769 turns).

Peloso the Carver (Minotaur Fighter)               Turns: 11769, Time: 00:19:44

Health: -7/92      AC: 15    Str: 31    XL:     10   Next: 98%
Magic:  0/9        EV: 11    Int:  2    God:    Okawaru [****..]
Gold:   466        SH:  8    Dex: 14    Spells: 9/9 levels left

rFire   + . .      SeeInvis +   a - +4 falchion of Gevivib {venom, Str+8 Int-3 Dex+2}
rCold   + + .      Faith    .   c - +1 buckler
rNeg    . . .      Spirit   +   h - +0 plate armour
rPois   .          Reflect  .   (helmet restricted)
rElec   .          Harm     .   H - scarf {rC+ rF+}
rCorr   .          Rampage  .   (no gloves)
Will    .....                   u - +0 pair of boots
Stlth   ..........              i - amulet of guardian spirit
HPRegen 0.25/turn               k - ring of see invisible
MPRegen 0.11/turn               v - ring of protection from cold

@: heroic, corroded, studying Slings
A: horns 2, retaliatory headbutt
a: Renounce Religion, Heroism, Finesse


You were on level 10 of the Dungeon.
You worshipped Okawaru.
Okawaru was greatly pleased with you.
You visited 2 branches of the dungeon, and saw 11 of its levels.

You collected 466 gold pieces.

Inventory:

Hand Weapons
 a - the +4 falchion of Gevivib (weapon) {venom, Str+8 Int-3 Dex+2}
   (You found it on level 9 of the Dungeon)

   It poisons the flesh of those it strikes.
   Str:       It affects your strength (+8).
   Int:       It affects your intelligence (-3).
   Dex:       It affects your dexterity (+2).
 b - a +2 trident of flaming
Missiles
 f - 2 throwing nets (quivered)
Armour
 c - a +1 buckler (worn)
 h - a +0 plate armour (worn)
 u - a +0 pair of boots (worn)
 H - a scarf of resistance (worn)
Jewellery
 i - an amulet of guardian spirit (around neck)
 k - a ring of see invisible (left hand)
 o - a +6 ring of intelligence
 v - a ring of protection from cold (right hand)
 C - an amulet of magic regeneration
Wands
 B - a wand of polymorph (14)
 D - a wand of acid (9)
 F - a wand of paralysis (11)
 G - a wand of digging (3)
Scrolls
 e - 2 scrolls of holy word
 j - 2 scrolls of teleportation
 l - a scroll of enchant weapon {unknown}
 m - 2 scrolls of vulnerability {unknown}
 n - a scroll of blinking {unknown}
 s - 4 scrolls of noise {unknown}
 y - 3 scrolls of immolation
 A - a scroll of magic mapping {unknown}
Potions
 d - 2 potions of cancellation {unknown}
 g - a potion of brilliance
 p - a potion of resistance {unknown}
 q - 3 potions of curing {unknown}
 r - a potion of haste {unknown}
 t - a potion of mutation {unknown}
 w - 2 potions of lignification {unknown}
 x - 2 potions of flight {unknown}
 E - a potion of invisibility {unknown}
 I - a potion of ambrosia {unknown}


   Skills:
 + Level 9.7(14.7) Fighting
 + Level 12.5(17.5) Long Blades
 + Level 11.2(16.2) Armour
 + Level 1.5(6.5) Dodging
 + Level 0.8(5.8) Stealth
 + Level 7.9(12.9) Shields
 + Level 2.1 Evocations


You had 9 spell levels left.
You didn't know any spells.
Your spell library contained the following spells:

 Spells                   Type           Power      Damage    Failure   Level
 Magic Dart               Conj           0%         1d3       98%         1
 Pain                     Necr           0%         1d4       98%         1
 Static Discharge         Conj/Air       0%         N/A       99%         2
 Confusing Touch          Hex            0%         N/A       100%        3
 Gell's Gravitas          Tloc           0%         N/A       100%        3
 Lesser Beckoning         Tloc           0%         N/A       100%        3
 Mephitic Cloud           Conj/Pois/Air  0%         N/A       100%        3
 Teleport Other           Tloc           0%         N/A       100%        3
 Vampiric Draining        Necr           0%         2d6       100%        3
 Anguish                  Hex/Necr       0%         N/A       100%        4
 Blade Hands              Tmut           0%         N/A       100%        5
 Irradiate                Conj/Tmut      0%         3d14      100%        5
 Lightning Bolt           Conj/Air       0%         1d11      100%        5
 Yara's Violent Unravell  Hex/Tmut       0%         3d3       100%        5
 Dragon Form              Tmut           0%         N/A       100%        7
 Enfeeble                 Hex            0%         N/A       100%        7
 Maxwell's Capacitive Co  Air            0%         ∞         100%        8
 Animate Skeleton         Necr           Unusable   N/A       N/A         1
 Call Imp                 Summ           Unusable   N/A       N/A         2
 Tukima's Dance           Hex            Unusable   N/A       N/A         3

Dungeon Overview and Level Annotations

Branches:
Dungeon (10/15)            Temple (1/1) D:6
   Lair: D:8-11         Orc: D:9-12

Altars:
Ashenzari
Cheibriados
Dithmenos
Elyvilon
Fedhas
Gozag
Hepliaklqana
Kikubaaqudgha
Makhleb
Nemelex Xobeh
Okawaru
Qazlal
Ru
Sif Muna
Trog
Uskayaw
Vehumet
Wu Jian
Yredelemnul
Zin
The Shining One

Shops:
D:9 (

Annotations:
D:3 1 runed translucent door, Cykl0x's ghost, amateur GrEE


Innate Abilities, Weirdness & Mutations

You have a pair of horns on your head.
You reflexively headbutt those who attack you in melee.


Message History

An acid dragon comes into view.
An acid dragon is nearby!
Found 6 gold pieces.
The acid dragon spits acid at you. The splash of acid hits you!!
The acid corrodes you!
You hit the acid dragon but do no damage.
The acid dragon spits acid at you. The splash of acid hits you!
You completely miss the acid dragon. You completely miss the acid dragon.
The acid dragon completely misses you. The acid dragon closely misses you.
You barely miss the acid dragon. The acid dragon bites you!
You block the acid dragon's attack.
You hit the acid dragon but do no damage.
The acid dragon is poisoned.
You closely miss the acid dragon. Your headbutt misses the acid dragon.
The acid dragon bites you but does no damage.
You block the acid dragon's attack.
You completely miss the acid dragon. Your headbutt misses the acid dragon.
The acid dragon spits acid at you. The splash of acid hits you!
You barely miss the acid dragon.
The acid dragon bites you but does no damage.
The acid dragon barely misses you.
You hit the acid dragon.
The acid dragon is moderately wounded.
You slash the acid dragon!
The acid dragon is almost dead.
You block the acid dragon's attack.
The acid dragon claws you but does no damage.
You gain the combat prowess of a mighty hero.
The acid dragon bites you.
* * * LOW HITPOINT WARNING * * *
You block the acid dragon's attack.
You closely miss the acid dragon.
You headbutt the acid dragon, but do no damage.
The acid dragon is almost dead.
The acid dragon spits acid at you. The splash of acid hits you!!
You die...

#######
#.##..########### ##
##..#.###.........
#...##..#........###...
#....D@.........## ####
..$........#####.# #
.........##.# ###
....#...## #..
##....##. ### ###.# # #
########
#.########≈≈≈≈≈≈##
#.....>..≈≈≈≈≈≈≈.[


You could see an acid dragon (poisoned, catching breath).

Vanquished Creatures
  A two-headed ogre (D:9)
  Nergalle (D:10)
  An ugly thing (D:7)
  A cyclops (D:7)
  Maggie (D:6)
  2 komodo dragons (D:10)
  6 yaks
  A basilisk (D:10)
  Eustachio (D:4)
  2 steam dragons
  2 vampire mosquitoes (D:10)
  An acid dragon (D:10)
  2 black bears
  2 sky beasts (D:8)
  2 ice beasts
  A necrophage (D:5)
  4 centaurs
  2 bullfrogs
  2 gnoll sergeants
  2 scorpions (D:5)
  A wyvern skeleton (D:7)
  2 howler monkeys (D:5)
  8 killer bees (D:8)
  6 wights (D:9)
  2 bullfrog zombies
  3 centaur zombies
  2 bullfrog skeletons (D:5)
  A gnoll shaman (D:5)
  5 hounds
  4 iguanas
  6 orc priests
  A centaur skeleton (D:7)
  4 orc wizards
  A howler monkey zombie (D:7)
  14 gnolls
  5 adders
  2 ufetubi
  2 adder skeletons (D:4)
  4 worms
  5 dart slugs
  24 orcs
  6 endoplasms
  4 giant cockroaches
  5 hobgoblins (D:1)
  12 jackals
  A kobold (D:4)
  5 quokkas
  11 ball pythons
  5 bats
  3 frilled lizards
  5 goblins
  7 rats
203 creatures vanquished.

Notes
Turn   | Place    | Note
-------+----------+-------------------------------------------
     0 | D:1      | Peloso the Minotaur Fighter began the quest for the Orb.
     0 | D:1      | Reached XP level 1. HP: 19/19 MP: 0/0
   498 | D:1      | Reached XP level 2. HP: 25/27 MP: 1/1
  1118 | D:2      | Reached skill level 3 in Long Blades
  1126 | D:2      | Reached XP level 3. HP: 28/33 MP: 2/2
  2250 | D:3      | Reached XP level 4. HP: 40/40 MP: 3/3
  2341 | D:3      | Reached skill level 4 in Long Blades
  2341 | D:3      | Reached skill level 5 in Armour
  2434 | D:3      | Found a faded altar of an unknown god.
  2509 | D:3      | Reached XP level 5. HP: 43/46 MP: 4/4
  2653 | D:3      | Found a radiant altar of Vehumet.
  2777 | D:3      | Found a runed translucent door.
  2836 | D:3      | Noticed an ice beast
  2837 | D:3      | Noticed Cykl0x's ghost (amateur GrEE)
  3091 | D:4      | Noticed a black bear
  3120 | D:3      | Killed a black bear
  3121 | D:3      | Reached XP level 6. HP: 34/53 MP: 3/5
  3299 | D:4      | You fall into a shaft and drop 2 floors!
  3311 | D:5      | Entered Level 5 of the Dungeon
  3321 | D:5      | Reached skill level 5 in Long Blades
  3326 | D:5      | Reached skill level 5 in Fighting
  3651 | D:6      | Reached skill level 5 in Shields
  3864 | D:5      | Reached XP level 7. HP: 40/61 MP: 4/6
  3888 | D:5      | Reached skill level 6 in Long Blades
  4491 | D:4      | Noticed Eustachio
  4574 | D:4      | Killed Eustachio
  4915 | D:4      | Reached skill level 7 in Long Blades
  5173 | D:5      | Reached XP level 8. HP: 70/70 MP: 7/7
  5683 | D:6      | Reached skill level 1 in Dodging
  5793 | D:6      | Reached skill level 8 in Long Blades
  5961 | D:6      | Found a staircase to the Ecumenical Temple.
  6037 | D:6      | Noticed Maggie
  6044 | D:6      | Killed Maggie
  6048 | D:6      | Reached skill level 9 in Long Blades
  6048 | D:6      | Reached skill level 1 in Evocations
  6404 | Temple   | Entered the Ecumenical Temple
  6426 | Temple   | Became a worshipper of Warmaster Okawaru
  6914 | D:7      | Reached XP level 9. HP: 79/79 MP: 8/8
  6933 | D:7      | Noticed a cyan ugly thing
  6951 | D:7      | Killed a cyan ugly thing
  6951 | D:7      | Reached * piety under Okawaru
  6959 | D:7      | Noticed a cyclops
  6967 | D:7      | Killed a cyclops
  6968 | D:7      | Reached skill level 10 in Long Blades
  7248 | D:7      | Noticed a skeletal warrior
  7493 | D:7      | Noticed a cyclops
  8289 | D:8      | Found a bloodstained altar of Trog.
  8341 | D:8      | Reached ** piety under Okawaru
  9235 | D:8      | Found a blossoming altar of Fedhas.
  9247 | D:8      | Reached skill level 11 in Long Blades
  9497 | D:8      | Reached XP level 10. HP: 82/90 MP: 7/9
  9509 | D:8      | Reached skill level 10 in Armour
  9893 | D:9      | Found Elupui's Weapon Shop.
 10172 | D:9      | Reached *** piety under Okawaru
 10456 | D:9      | Identified the +4 falchion of Gevivib {venom, Str+8 Int-3
                  | Dex+2}
 10556 | D:9      | Noticed a two-headed ogre
 10563 | D:9      | Killed a two-headed ogre
 10856 | D:9      | Found a sparkling altar of Nemelex Xobeh.
 10898 | D:9      | Found a sacrificial altar of Ru.
 10942 | D:10     | Entered Level 10 of the Dungeon
 10955 | D:10     | Reached skill level 12 in Long Blades
 11056 | D:10     | Noticed Nergalle
 11076 | D:10     | Killed Nergalle
 11205 | D:10     | Reached **** piety under Okawaru
 11769 | D:10     | Killed from afar by an acid dragon

Illustrated notes

Levels and vault maps discovered:
D:1:      dpeg_arrival_signposts, layout_basic
D:2:      layout_rooms
D:3:      layout_loops_ring, nicolae_overflow_hidden_temple,
          shapermc_ecumenical_altar_notcrosses, ebering_ghost_inner_flame,
          minmay_shallow_snake_nest
D:4:      cheibrodos_barr_body, layout_rooms, minivault_26, minivault_19,
          uniq_eustachio
D:5:      layout_rooms
D:6:      layout_cave_pools, minmay_temple_entry_tees, uniq_maggie
D:7:      minmay_the_grid_four_pointed_star
          [minmay_the_grid_triangle_9x9_checkered,
          minmay_the_grid_triangle_9x9_skeleton,
          minmay_the_grid_triangle_9x9_flanged_cone,
          minmay_the_grid_triangle_9x9_dagger, minmay_the_grid_prize_trominoes],
          layout_loops_ring, marbit_many_paths, gammafunk_ghost_necromancy,
          grunt_ministairs_5, minmay_fountain_box
D:8:      layout_layer_cave, mainiacjoe_overflow_24_doors,
          fedhas_altar_fruit_tree, minmay_manual_mess
D:9:      layout_big_octagon, nemelex_diamond_rough_becter,
          nicolae_ru_path_of_blood, serial_shops, shop,
          kennysheep_generic_room_12
D:10:     layout_basic, erik_lair_dragon, grunt_decor_junction,
          serial_bayou_pond_b, uniq_nergalle
Temple:   lightli_temple_of_artemis

Skill      XL: |  1  2  3  4  5  6  7  8  9 10 |
---------------+-------------------------------+-----
Armour         | 4 5 6 7 9 11 | 11.2
Fighting       | 4 5 7 8 9 |  9.7
Long Blades    | 3 4 5 7 9 11 12 | 12.5
Shields        | 4 5 6 7 |  7.9
Dodging        | 1 |  1.5
Evocations     | 1 2 |  2.1
Stealth        | |  0.8

Action                   |  1- 3 |  4- 6 |  7- 9 | 10-12 || total
-------------------------+-------+-------+-------+-------++-------
Melee: Long sword        |    81 |   103 |   195 |       ||   379
       Headbutt          |     8 |    16 |    68 |    34 ||   126
       Falchion          |       |       |   135 |   162 ||   297
Invok: Heroism           |       |       |     1 |     1 ||     2
Evoke: Wand              |       |       |    15 |       ||    15
  Use: Scroll            |     2 |       |     3 |     3 ||     8
       Potion            |     2 |       |     1 |       ||     3
Armor: Scale mail        |    48 |     5 |       |       ||    53
       Plate armour      |       |    70 |   229 |    92 ||   391
Dodge: Dodged            |    36 |    35 |   101 |    51 ||   223
Block: Buckler           |    13 |    38 |   106 |    69 ||   226
